 Dungeon Crawl Stone Soup version 0.13.0-17-g5f0e85f (webtiles) character file.

2249 4tharraofdagon the Spear-Bearer (level 9, -5/69 HPs)
             Began as a Merfolk Berserker on Oct 21, 2013.
             Was a Believer of Trog.
             Slain by a shadow (16 damage)
             ... on Level 12 of the Dungeon.
             The game lasted 00:14:44 (2028 turns).

4tharraofdagon the Spear-Bearer (Merfolk Berserker) Turns: 2028, Time: 00:14:45

HP  -5/69        AC  9     Str 20      XL: 9   Next: 24%
MP  14/14        EV 10     Int  6      God: Trog [**....]
Gold 203         SH  0     Dex 14      Spells:  0 memorised,  8 levels left

Res.Fire  : . . .   See Invis. : .   d - -1,+2 orc trident
Res.Cold  : . . .   Warding    : .   h - +2 orc scale mail
Life Prot.: . . .   Conserve   : .   (no shield)
Res.Poison: .       Res.Corr.  : .   (no helmet)
Res.Elec. : .       Clarity    : .   (no cloak)
Sust.Abil.: . .     Spirit.Shd : .   (no gloves)
Res.Mut.  : .       Stasis     : .   (no boots)
Res.Rott. : .       Flight     : .   (no amulet)
Saprovore : . . .                    (no ring)
                                     (no ring)

@: slightly resistant to hostile enchantments, extremely unstealthy
A: change form in water, swift swim
a: Burn Spellbooks, Berserk, Trog's Hand, Renounce Religion


You were on level 12 of the Dungeon.
You worshipped Trog.
Trog was pleased with you.
You were not hungry.

You visited 1 branch of the dungeon, and saw 12 of its levels.

You collected 183 gold pieces.

Inventory:

Hand weapons
 a - a +1,-2 spear {=f}
 d - a -1,+2 orcish trident (weapon)
Missiles
 n - a throwing net (quivered)
Armour
 b - a +0 animal skin
 h - a +2 orcish scale mail (worn)
 j - a cursed +0 robe
 k - a +0 plate armour
Magical devices
 f - a wand of heal wounds (0)
 p - a wand of disintegration (4)
Comestibles
 c - 4 rotting chunks of yak flesh
 l - a bread ration
 m - a meat ration
Scrolls
 g - a scroll of random uselessness
Potions
 e - a potion of might {unknown}
Books
 i - a book of Debilitation

   Spells                             Type                      Level
   Corona                             Hexes                        1
   Slow                               Hexes                        2
   Inner Flame                        Hexes/Fire                   3
   Enslavement                        Hexes                        4
   Cause Fear                         Hexes                        4
   Leda's Liquefaction                Hexes/Earth                  4
   Trog disapproves of the use of such an item.


   Skills:
 + Level 6.6 Fighting
 * Level 10.6 Polearms
 + Level 3.9 Armour
 + Level 7.1 Dodging
 + Level 4.1 Evocations


You had 8 spell levels left.
You didn't know any spells.

Dungeon Overview and Level Annotations

Branches:
Dungeon (12/27)
 Temple: D:4-7          Orc: D:6-11        Lair: D:8-13

Altars:
Zin

Annotations:
D:8 Dowan, Duvessa, Gastronok
D:9 Maurice
D:10 4tharraofdagon's ghost, experienced MfBe


Message History

You closely miss the shadow.
The shadow is severely damaged.
The shadow hits you!
* * * LOW HITPOINT WARNING * * *
You hit the shadow but do no damage.
The shadow is severely damaged.
You hit the shadow but do no damage.
The shadow is severely damaged.
The shadow barely misses you.
You closely miss the shadow.
The shadow is severely damaged.
The shadow barely misses you.
You barely miss the shadow.
The shadow is severely damaged.
The shadow slips into darkness!
Deactivating autopickup; reactivate with Ctrl-A.
You closely miss it.
Your scale mail prevents you from hitting it.
The shadow strikes at you from the darkness!
You die...

##......
#........
#.........
#.........
#.........
#<.........
#<.........
#<........!.
#@...........
#............
#..........<.
#.............
##............
##...........
##.........
##........
##.......


There were no monsters in sight!

Vanquished Creatures
  A water elemental (D:11)
  2 yaks (D:10)
  Edmund (D:6)
  2 porcupines (D:9)
  An ogre (D:9)
  2 centaurs
  An orc warrior (D:9)
  A phantom (D:6)
  The ghost of 4tharraofdagon the Poker, an average MfBe of Trog (D:6)
  A water moccasin (D:11)
  3 giant frogs (D:6)
  2 crimson imps (D:10)
  A centaur zombie (D:6)
  A goliath beetle (D:10)
  A giant frog zombie (D:6)
  A jelly (D:11)
  A scorpion (D:6)
  5 worker ants
  3 adders
  3 gnolls (D:9)
  2 green rats (D:9)
  3 worms (D:2)
  A giant gecko (D:2)
  11 orcs
  8 bats
  4 goblins (D:2)
  7 hobgoblins
  4 jackals (D:6)
  2 kobolds
  A ball python (D:3)
  A giant cockroach (D:2)
  A giant spore (D:7)
  5 rats
  A ballistomycete (D:7)
85 creatures vanquished.

Vanquished Creatures (others)
  4 yaks (D:10)
  An orc warrior (D:10)
  3 plants (D:9)
8 creatures vanquished.

Grand Total: 93 creatures vanquished

Notes
Turn   | Place    | Note
--------------------------------------------------------------
     0 | D:1      | 4tharraofdagon, the Merfolk Berserker, began the quest for the Orb.
     0 | D:1      | Reached XP level 1. HP: 18/18 MP: 0/0
   211 | D:2      | Reached XP level 2. HP: 10/24 MP: 1/1
   241 | D:2      | electropode: watching you play this game is more fun than playing it myself
   260 | D:2      | 4tharraofdagon: i fail
   332 | D:2      | Reached skill level 5 in Polearms
   336 | D:2      | Reached XP level 3. HP: 30/30 MP: 2/2
   346 | D:2      | Acquired Trog's second power
   413 | D:2      | where are fuckin stairs WTF
   558 | D:3      | Found a glowing silver altar of Zin.
   674 | D:5      | Entered Level 5 of the Dungeon
   699 | D:6      | Noticed 4tharraofdagon's ghost (average MfBe)
   715 | D:6      | Reached XP level 4. HP: 27/36 MP: 3/3
   740 | D:6      | Killed 4tharraofdagon's ghost
   740 | D:6      | Reached skill level 6 in Polearms
   740 | D:6      | Reached XP level 5. HP: 42/42 MP: 4/4
   835 | D:6      | Noticed Edmund
   836 | D:6      | Noticed a phantom
   861 | D:6      | Killed Edmund
   861 | D:6      | Reached skill level 7 in Polearms
   861 | D:6      | Reached XP level 6. HP: 49/49 MP: 5/5
   909 | D:6      | Killed a phantom
   995 | D:7      | Reached skill level 5 in Fighting
   995 | D:7      | Reached skill level 5 in Dodging
   995 | D:7      | Reached skill level 1 in Evocations
   995 | D:7      | Reached XP level 7. HP: 20/55 MP: 5/7
  1060 | D:6      | Noticed a giant frog
  1068 | D:6      | Killed a giant frog
  1068 | D:6      | Reached skill level 8 in Polearms
  1069 | D:6      | Noticed a giant frog
  1077 | D:6      | Killed a giant frog
  1152 | D:6      | 4tharraofdagon: fcukin spear
  1171 | D:6      | after 5 million of hits
  1176 | D:6      | HP: 2/55 [worker ant (3)]
  1200 | D:6      | 4tharraofdagon: plz
  1200 | D:6      | 4tharraofdagon: leave
  1200 | D:6      | 4tharraofdagon: this is embarassing
  1224 | D:7      | Daniel: why =(
  1235 | D:7      | 4tharraofdagon: look
  1235 | D:7      | 4tharraofdagon: this spear
  1235 | D:7      | 4tharraofdagon: i cant kill ant without goin berzerk
  1243 | D:8      | electropode: hahaha
  1262 | D:8      | Noticed Duvessa
  1264 | D:8      | Noticed Dowan
  1273 | D:8      | Daniel: but you are a berserker
  1358 | D:9      | Reached XP level 8. HP: 62/62 MP: 10/10
  1363 | D:9      | Reached skill level 9 in Polearms
  1420 | D:9      | 4tharraofdagon: i just cant
  1420 | D:9      | 4tharraofdagon: plz
  1423 | D:9      | HP: 3/62 [porcupine (4)]
  1475 | D:9      | Noticed Maurice
  1492 | D:8      | Daniel: frickin porcupines hit like spiny frogs now
  1499 | D:8      | Noticed Gastronok
  1503 | D:8      | nice hat
  1503 | D:8      | not
  1505 | D:8      | 4tharraofdagon: ecfuckin useless shit
  1529 | D:9      | Noticed a yak
  1548 | D:10     | Entered Level 10 of the Dungeon
  1576 | D:10     | Killed a yak
  1576 | D:10     | Reached skill level 10 in Polearms
  1656 | D:10     | Reached XP level 9. HP: 32/68 MP: 13/13
  1726 | D:10     | Noticed 4tharraofdagon's ghost (experienced MfBe)
  1743 | D:11     | oh yea
  1743 | D:11     | this spear is gettin even better!
  1835 | D:11     | Noticed a hill giant
  1836 | D:11     | 4tharraofdagon: how to get halberd
  1893 | D:10     | Daniel: wraiths
  1931 | D:10     | 4tharraofdagon: they dont exist
  2028 | D:12     | Slain by a shadow

Action                   |  1- 3 |  4- 6 |  7- 9 || total
-------------------------+-------+-------+-------++-------
Melee: Spear             |    96 |   102 |   323 ||   521
       Trident           |       |       |    21 ||    21
Invok: Berserk           |     2 |     2 |     7 ||    11
       Trog's Hand       |     1 |     2 |    14 ||    17
Evoke: Wand              |       |       |     4 ||     4
  Use: Potion            |     1 |       |     1 ||     2
       Scroll            |       |       |     7 ||     7
